AoeStats
← ALF

African Clearing

506470434Analyzed
4v4 RM · 18d ago on Sep 13, 2026· 31m 47s· 8 players
Game mode
Random Map
Map size
Large (8 player)
Population
200
Speed
Normal
Resources
Standard
Victory
Conquest
Starting age
Dark Age
Ending age
Imperial Age
RankedLock teamsTeams togetherTeam positionsShared explorationLock speedFull tech treeHidden civsTurbo modeCheats
Victory
Defeat
🇨🇳 Magyars · China
1491
+14
🇪🇸 Mongols · Spain
1484
+14
🇬🇧 Mapuche · United Kingdom
1450
+15
🇧🇷 Ethiopians · Brazil
1415
+17
🇲🇽 Mongols · Mexico
1452
-16
🇺🇸 Slavs · United States
1432
-15
🇲🇽 Koreans · Mexico
1429
-15
🇨🇭 Cumans · Switzerland
1426
-14
mikeymazko
13:04 Feudal Age
14:48 Double-Bit Axe
18:08 Castle Age
16:13 Scale Mail Armor
17:32 Loom
17:53 Horse Collar
19:04 Bow Saw
20:56 Wheelbarrow
20:42 Heavy Plow
22:10 Town Watch
22:30 Fletching
24:12 Bodkin Arrow
30:17 Gold Mining
31:05 Scale Barding Armor
31:12 Forging
32:33 Chain Barding Armor
ALF
3:15 Loom
12:42 Feudal Age
14:07 Feudal Age
18:46 Castle Age
17:29 Double-Bit Axe
29:40 Fletching
OzoneMX2022
3:12 Loom
14:00 Feudal Age
15:33 Double-Bit Axe
17:48 Castle Age
16:30 Gold Mining
16:33 Stone Mining
18:59 Town Watch
23:18 Gold Mining
23:52 Fletching
24:45 Bodkin Arrow
27:10 Eupseong
lorddoc
5:02 Loom
13:25 Feudal Age
14:22 Double-Bit Axe
pepe_del_pardo
7:26 Loom
13:28 Feudal Age
13:35 Feudal Age
18:02 Castle Age
17:20 Bloodlines
17:18 Scale Barding Armor
17:23 Double-Bit Axe
18:09 Forging
19:47 Chain Barding Armor
27:15 Wheelbarrow
27:47 Horse Collar
31:02 Hand Cart
Karzul
9:55 Loom
12:02 Feudal Age
12:44 Double-Bit Axe
19:19 Castle Age
19:21 Fletching
20:22 Bow Saw
19:33 Crossbowman
20:17 Bodkin Arrow
27:39 Wheelbarrow
28:14 Padded Archer Armor
28:30 Horse Collar
28:41 Gold Mining
29:55 Town Watch
33:56 Imperial Age
柠檬头的喜悦
11:58 Feudal Age
10:55 Loom
12:51 Double-Bit Axe
15:58 Town Watch
17:57 Fletching
27:57 Castle Age
26:03 Horse Collar
26:33 Gold Mining
27:27 Bloodlines
29:04 Wheelbarrow
28:38 Bodkin Arrow
29:34 Husbandry
Locke
10:27 Loom
12:46 Feudal Age
17:07 Castle Age
15:35 Double-Bit Axe
15:58 Fletching
17:45 Bodkin Arrow
18:18 Bow Saw
31:11 Ballistics
30:32 Treadmill Crane
Connection lost

Rejoining the realm…

Still unreachable

The connection could not be restored.

Session expired

The server has moved on; the page needs a fresh start.